 Dungeon Crawl Stone Soup version 0.32-a0-171-g4625e66871 (webtiles) character file.

Game seed: 7898120921929172487

9 sanka the Trooper (level 2, 33/33 HPs)
             Began as an Oni Monk on Feb 12, 2024.
             Was an Initiate of Ru.
             Quit the game on level 1 of the Dungeon.
             The game lasted 00:00:44 (222 turns).

sanka the Trooper (Oni Monk)                         Turns: 222, Time: 00:00:45

Health: 33/33      AC:  3    Str: 14    XL:     2   Next: 16%
Magic:  2/2        EV: 10    Int: 11    God:    Ru [......]
Gold:   11         SH:  0    Dex: 11    Spells: 1/1 levels left

rFire   . . .        a - +0 mace
rCold   . . .        d - orb {light}
rNeg    . . .        b - +0 robe
rPois   .            (helmet restricted)
rElec   .            (no cloak)
rCorr   .            (gloves unavailable)
SInv    .            (boots unavailable)
Will    .....        (no amulet)
Stlth   +            (no ring)
HPRegen 0.25/turn    (no ring)
MPRegen 0.08/turn

%: no passive effects
@: glowing
A: large, unfitting armour, horns 1, tough skin 1, double potion healing,
drunken brawling
a: Renounce Religion, Sacrifice Courage, Sacrifice Drink, Sacrifice Forms,
Reject Sacrifices


You were on level 1 of the Dungeon.
You worshipped Ru.
Ru was noncommittal.
You visited 1 branch of the dungeon, and saw 1 of its levels.

You collected 11 gold pieces.


Innate Abilities, Weirdness & Mutations

You are too large for most types of armour.
You have a pair of small horns on your head.
You have tough skin. (AC +1)
You gain doubled healing and magic from potions.
Whenever you drink a healing potion, you attack all around you.


   Skills:
 + Level 4.4 Fighting
 + Level 3.3 Maces & Flails
 - Level 2.6 Dodging


You had one spell level left.
You didn't know any spells.
Your spell library was empty.

Inventory:

Hand Weapons
 a - a +0 mace (weapon)
Armour
 b - a +0 robe (worn)
 d - an orb of light (worn)
Potions
 c - a potion of ambrosia
 e - a potion of attraction {unknown}
 f - a potion of heal wounds {unknown}
 g - a potion of cancellation {unknown}

Dungeon Overview and Level Annotations

Branches:
Dungeon (1/15)

Altars:
Ru

▒▒........▒...........
▒..ß.................
▒..._................
▒..ß......▒.▒▒.......
....▒......†.▒..........
.....▒...▒...▒.▒▒▒▒▒▒▒▒▒
.....▒▒........▒ ▒....
..... ▒............▒....
.... +O..>........▒....
... ▒............▒....
$.............▒....
.▒.............▒....
...........▒+▒▒▒....
............ ....
.......r... ▒..........g


You could see a goblin (wandering) and a rat.


Message History

The rat squeaks loudly.
There is a faded altar of an unknown god here.
This altar belongs to (a) Trog, (b) Okawaru or (c) Ru, but you can't tell which.
Press the corresponding letter to learn more about a god, or press enter to convert or escape to cancel.
Ru accepts your prayer! Ru welcomes you!
A rat comes into view.
The rat squeaks loudly.
The rat bites you.
You hit the rat but do no damage. You headbutt the rat.
You kill the rat!
Use which ability? (? or * to list)
Okay, then.
You hit the rat but do no damage. The rat bites you but does no damage.
The rat bites you.
You hit the rat.
You kill the rat!
No target in view!
No target in view!
Ru believes you are ready to make a new sacrifice.
There is a sacrificial altar of Ru here.
A rat comes into view.
The rat squeaks loudly.
A goblin comes into view. It is wielding a +0 dagger.
Use which ability? (? or * to list)
Okay, then.
Are you sure you want to abandon this character and quit the game? (Confirm with "yes".)
Okay, then.
Are you sure you want to abandon this character and quit the game? (Confirm with "yes".)

Action                     || total
---------------------------++-------
  Melee: Mace              ||    14
         Headbutt          ||     5
 Armour: Robe              ||    12
  Dodge: Dodged            ||     8

Levels and vault maps discovered:
D:1:      co_arrival_random_square_maze, layout_basic,
          dreamdust_ecumenical_altar_statues, minivault_26

Notes
Turn   | Place    | Note
-------+----------+-------------------------------------------
     0 | D:1      | sanka the Oni Monk began the quest for the Orb.
     0 | D:1      | Reached XP level 1. HP: 24/24 MP: 1/1
   103 | D:1      | Reached XP level 2. HP: 33/33 MP: 2/2
   180 | D:1      | Found a faded altar of an unknown god.
   195 | D:1      | Prayed at the altar of an unknown god.
   195 | D:1      | Became a worshipper of Ru the Awakened
   222 | D:1      | Quit the game

Vanquished Creatures
  A bat (D:1)
  4 jackals (D:1)
  A frilled lizard (D:1)
  3 rats (D:1)
9 creatures vanquished.
